AoeStats
← Mob Psycho 100

Nomad

510439084Analyzed
4v4 RM · 1d ago on Oct 1, 2026· 57m 14s· 8 players
Game mode
Random Map
Map size
231×231
Population
200
Speed
Normal
Resources
Standard
Victory
Conquest
Starting age
Dark Age
Ending age
Imperial Age
RankedLock teamsTeams togetherTeam positionsShared explorationLock speedFull tech treeHidden civsTurbo modeCheats
Victory
Defeat
🇧🇴 Khmer · Bolivia
1051
+13
🇹🇼 Slavs · Taiwan
1012
+15
🇨🇱 Persians · Chile
974
+16
🇪🇸 Mongols · Spain
933
+18
🇨🇱 Italians · Chile
1045
-19
🇨🇱 Koreans · Chile
1023
-17
🇨🇱 Khmer · Chile
1001
-16
🇨🇴 Franks · Colombia
844
-10
Baxmetal
10:23 Loom
15:42 Feudal Age
22:43 Castle Age
21:44 Wheelbarrow
20:57 Double-Bit Axe
21:00 Fishing Lines
21:07 Fishing Lines
24:46 Crossbowman
25:29 Elite Skirmisher
26:19 Thumb Ring
26:59 Fletching
29:35 Gillnets
33:44 Pikeman
36:02 Hand Cart
48:16 Elite Skirmisher
57:36 Imperial Age
56:07 Bodkin Arrow
Zakur
14:10 Feudal Age
18:02 Castle Age
17:09 Fishing Lines
20:35 Gillnets
21:42 Bloodlines
21:33 Husbandry
27:31 Scale Barding Armor
28:25 Forging
44:58 Chain Barding Armor
48:25 Imperial Age
45:43 Loom
49:06 Cavalier
51:25 Iron Casting
oswuil123
19:24 Feudal Age
24:02 Fishing Lines
24:42 Double-Bit Axe
32:34 Gold Mining
43:32 Castle Age
PNAL | Kush
6:50 Loom
17:07 Feudal Age
22:37 Castle Age
21:32 Fishing Lines
25:05 Wheelbarrow
25:45 Double-Bit Axe
26:29 Medium Warships
26:56 Town Watch
27:26 Hand Cart
31:31 Bow Saw
33:51 Fletching
36:40 Siphons
36:48 Careening
39:00 Bloodlines
38:58 Scale Barding Armor
38:51 Bodkin Arrow
38:48 Gold Mining
38:48 Stone Mining
39:47 Husbandry
41:17 Light Cavalry
45:58 Imperial Age
46:01 Chain Barding Armor
46:16 Cavalier
48:05 Chemistry
48:00 Bracer
48:36 Plate Barding Armor
48:55 Conscription
49:23 Town Patrol
49:39 Masonry
49:10 Treadmill Crane
49:51 Ballistics
49:39 Padded Archer Armor
49:50 Forging
belen_dhv
10:30 Loom
14:51 Feudal Age
20:32 Castle Age
22:08 Horse Collar
22:31 Gold Mining
22:50 Pikeman
26:56 Double-Bit Axe
27:34 Scale Mail Armor
27:44 Forging
41:07 Wheelbarrow
48:04 Bow Saw
52:14 Heavy Plow
53:36 Hand Cart
54:55 Medium Warships
54:07 Demolition Ship
59:10 Imperial Age
57:30 Bloodlines
57:20 Husbandry
單細胞
13:31 Feudal Age
12:06 Loom
15:38 Double-Bit Axe
21:32 Castle Age
22:40 Town Watch
24:11 Fletching
24:18 Gold Mining
24:19 Stone Mining
24:10 Horse Collar
25:06 Detinets
27:01 Bodkin Arrow
31:26 Imperial Age
32:38 Heavy Plow
33:41 Ballistics
34:16 Siege Engineers
36:48 Padded Archer Armor
37:21 Crop Rotation
37:30 Wheelbarrow
38:47 Pikeman
39:28 Squires
40:44 Hand Cart
40:30 Town Patrol
40:44 Forging
40:35 Scale Mail Armor
40:34 Murder Holes
41:40 Chemistry
41:27 Bow Saw
44:26 Gold Shaft Mining
47:48 Elite Boyar
48:49 Conscription
OvertChunk95
4:03 Loom
17:01 Feudal Age
18:24 Wheelbarrow
17:46 Town Watch
23:02 Castle Age
22:15 Double-Bit Axe
22:29 Fishing Lines
25:02 Fletching
26:23 Gillnets
27:17 Bodkin Arrow
28:09 Padded Archer Armor
28:55 Medium Warships
29:52 Bow Saw
30:08 Leather Archer Armor
33:03 Ballistics
36:25 Husbandry
37:55 Murder Holes
38:13 Masonry
38:09 Horse Collar
40:14 Gold Mining
40:16 Stone Mining
41:04 Bloodlines
42:12 Thumb Ring
47:22 Imperial Age
48:28 Capped Ram
49:35 Heavy Plow
50:04 Drill
50:05 Conscription
50:03 Siege Ram
51:27 Bracer
52:29 Chemistry
52:15 Parthian Tactics
54:06 Stone Shaft Mining
54:07 Gold Shaft Mining
54:01 Elite Mangudai
54:57 Fortified Wall
55:16 Town Patrol
56:04 Onager
Mob Psycho 100
13:20 Feudal Age
17:39 Castle Age
21:12 Double-Bit Axe
21:52 Horse Collar
25:07 Loom
25:57 Wheelbarrow
25:28 Heavy Plow
25:40 Bow Saw
26:52 Fortified Wall
29:02 Scale Barding Armor
30:03 Hand Cart
32:55 Imperial Age
30:57 Husbandry
31:33 Fletching
31:43 Crossbowman
34:02 Gold Mining
35:13 Bodkin Arrow
36:50 Bloodlines
36:01 Light Cavalry
37:02 Arbalester
37:59 Forging
39:12 Ballistics
39:53 Chemistry
38:19 Hussar
39:40 Bracer
39:41 Padded Archer Armor
44:50 Leather Archer Armor
45:32 Crop Rotation
46:45 Chain Barding Armor
47:01 Iron Casting
48:56 Plate Barding Armor
51:15 Blast Furnace
53:04 Siege Engineers
52:51 Elite Battle Elephant
53:37 Tusk Swords
53:59 Conscription
55:41 Gold Shaft Mining
Connection lost

Rejoining the realm…

Still unreachable

The connection could not be restored.

Session expired

The server has moved on; the page needs a fresh start.